 Dungeon Crawl Stone Soup version 0.31-a0-1576-ga3383bade6 (webtiles) character file.

Game seed: 11263622254811737501

12 Flugslaktarn the Apothecary (level 2, -1/17 HPs)
             Began as an Octopode Alchemist on Jan 4, 2024.
             Slain by a quokka (3 damage)
             ... on level 1 of the Dungeon.
             The game lasted 00:00:33 (100 turns).

Flugslaktarn the Apothecary (Octopode Alchemist)     Turns: 100, Time: 00:00:33

Health: -1/17      AC:  1    Str:  7    XL:     2   Next: 33%
Magic:  1/5        EV: 13    Int: 17    God:
Gold:   0          SH:  0    Dex: 12    Spells: 4/5 levels left

rFire   . . .        (no weapon)
rCold   . . .        (no shield)
rNeg    . . .        (helmet restricted)
rPois   .            (no amulet)
rElec   .            (no ring)
rCorr   .            (no ring)
SInv    .            (no ring)
Will    .....        (no ring)
Stlth   +++          (no ring)
HPRegen 0.22/turn    (no ring)
MPRegen 0.09/turn    (no ring)
                     (no ring)

%: no passive effects
@: no status effects
A: almost no armour, amphibious, 8 rings, camouflage 1, gelatinous body 1,
(nimble swimmer 1), tentacles
a: no special abilities


You were on level 1 of the Dungeon.
You visited 1 branch of the dungeon, and saw 1 of its levels.

Inventory:

Potions
 a - a potion of magic
 b - a potion of invisibility {unknown}


   Skills:
 - Level 2.0 Dodging
 - Level 2.6 Stealth
 + Level 2.2 Spellcasting
 - Level 1.0 Conjurations
 * Level 3.8 Alchemy


You had 4 spell levels left.
You knew the following spells:

 Your Spells              Type           Power      Damage    Failure   Level
a - Sting                 Conj/Alch      40%        1d5       7%          1

Your spell library contained the following spells:

 Spells                   Type           Power      Damage    Failure   Level
 Mercury Vapours          Alch/Air       16%        N/A       13%         2
 Mephitic Cloud           Conj/Alch/Air  7%         N/A       28%         3
 Olgreb's Toxic Radiance  Alch           15%        N/A       36%         4
 Sticky Flame             Fire/Alch      8%         2d4       63%         4


Dungeon Overview and Level Annotations

Branches:
Dungeon (1/15)

Altars:


Innate Abilities, Weirdness & Mutations

You cannot wear most types of armour.
You are amphibious.
You can wear up to eight rings at the same time.
Your skin changes colour to match your surroundings (Stealth+).
Your rubbery body absorbs attacks. (AC +1, EV +1)
((You are camouflaged when in or above water. (Stealth+)))
You have tentacles for arms and can constrict up to eight enemies at once.


Message History

You squeeze the hobgoblin.
You kill the hobgoblin!
You have reached level 2!
You see here a hobgoblin corpse.
You see here a quokka corpse.
Casting: Sting (safe; 8% risk of failure)
Confirm with . or Enter, or press ? or * to list all spells.
Aiming: Sting (safe; 8% risk of failure)
Press: ? - help, Shift-Dir - straight line, f - giant cockroach
Aim: a giant cockroach (68% to hit)
The sting hits the giant cockroach but does no damage.
The giant cockroach is poisoned.
The jackal barks!
The giant cockroach barely misses you.
You tentacle-slap the giant cockroach. You grab the giant cockroach.
The giant cockroach is severely wounded.
You constrict the giant cockroach, but do no damage.
The giant cockroach barely misses you.
You tentacle-slap the giant cockroach.
You kill the giant cockroach!
A jackal comes into view.
A quokka comes into view.
The jackal barely misses you.
The jackal moves out of view.
You barely miss the jackal. Your grab misses the jackal.
The jackal closely misses you.
You closely miss the jackal. Your grab misses the jackal.
You squeeze the jackal.
The jackal is lightly wounded.
The jackal bites you but does no damage.
A jackal comes into view.
The jackal completely misses you.
You barely miss the jackal.
The jackal barks!
Your grab misses the jackal. Your squeeze misses the jackal.
The jackal is lightly wounded.
You hear an angry hiss.
The jackal bites you.
You barely miss the jackal. Your grab misses the jackal.
The jackal is lightly wounded.
The jackal closely misses you.
You barely miss the jackal. Your grab misses the jackal.
The jackal is lightly wounded.
The jackal bites you. x2
Unknown command.
The jackal bites you but does no damage.
You see here a quokka corpse.
The jackal barely misses you. The jackal bites you.
The jackal attacks as it pursues you! The jackal bites you.
Casting: Sting (safe; 7% risk of failure)
Confirm with . or Enter, or press ? or * to list all spells.
Aiming: Sting (safe; 7% risk of failure)
Press: ? - help, Shift-Dir - straight line, f - jackal
Aim: a jackal (60% to hit)
The sting hits the jackal.
The jackal is poisoned.
The jackal is almost dead.
You kill the jackal!
You tentacle-slap the jackal. Your grab misses the jackal.
The jackal is lightly wounded.
The jackal barely misses you. x2
You closely miss the jackal. Your grab misses the jackal.
The jackal is lightly wounded.
The jackal closely misses you.
You tentacle-slap the jackal but do no damage.
You grab the jackal.
The jackal is lightly wounded.
You constrict the jackal. The jackal closely misses you.
You tentacle-slap the jackal but do no damage.
You squeeze the jackal.
You kill the jackal!
You tentacle-slap the jackal. You grab the jackal. You squeeze the jackal.
The jackal is almost dead.
You constrict the jackal, but do no damage.
The jackal bites you.
You tentacle-slap the jackal but do no damage.
The jackal is almost dead.
You constrict the jackal.
You kill the jackal!
You barely miss the quokka. Your grab misses the quokka.
The quokka closely misses you.
You completely miss the quokka. Your grab misses the quokka.
The quokka barely misses you. The quokka closely misses you.
Casting: Sting (safe; 7% risk of failure)
Confirm with . or Enter, or press ? or * to list all spells.
Aiming: Sting (safe; 7% risk of failure)
Press: ? - help, Shift-Dir - straight line, f - quokka
Aim: a quokka (60% to hit)
The sting misses the quokka.
The quokka barely misses you.
You tentacle-slap the quokka but do no damage.
Your grab misses the quokka. The quokka bites you.
* * * LOW HITPOINT WARNING * * *
You miss the quokka. Your grab misses the quokka. The quokka barely misses you.
You tentacle-slap the quokka but do no damage.
Your grab misses the quokka. Your squeeze misses the quokka.
The quokka bites you.
* * * LOW HITPOINT WARNING * * *
Casting: Sting (safe; 7% risk of failure)
Confirm with . or Enter, or press ? or * to list all spells.
You don't have enough magic to cast this spell.
You tentacle-slap the quokka but do no damage.
Your grab misses the quokka. The quokka bites you.
You die...

#...#.#.# ##
#######.#.#.......#
#.b........)...##. #.#
.#..... #.###.....$.
#.....#...#
########.#####.#.#
#......#.#####†#.###.#
##......'...†@r†......#
#.......#.#######....##
###.......#.# ....#
#...#...)##.# #......
#...#.##.##.#### ......
#...#........... #.....
#...#.##....#... .....
#.......### .....
#.#####..##


You could see a quokka.

Vanquished Creatures
  An endoplasm (D:1)
  A giant cockroach (D:1)
  A hobgoblin (D:1)
  4 jackals (D:1)
  2 quokkas (D:1)
9 creatures vanquished.

Notes
Turn   | Place    | Note
-------+----------+-------------------------------------------
     0 | D:1      | Flugslaktarn the Octopode Alchemist began the quest for the
                  | Orb.
     0 | D:1      | Reached XP level 1. HP: 11/11 MP: 3/3
    71 | D:1      | Reached XP level 2. HP: 12/17 MP: 1/5
   100 | D:1      | Slain by a quokka

Illustrated notes

Levels and vault maps discovered:
D:1:      wander_arrival_desolate, layout_basic

Action                     || total
---------------------------++-------
  Melee: Unarmed           ||    30
         Tentacles         ||     8
         Constrict         ||     6
   Cast: Sting             ||     7
 Armour: Skin              ||    13
  Dodge: Dodged            ||    24

Table legend: (Time is in decaauts)
 A = Elapsed time spent in this place.
 B = Non-inter-level travel time spent in this place.
 C = Inter-level travel time spent in this place.
 D = Time resting spent in this place.
 E = Time spent auto-exploring this place.
 F = Levels seen in this place.
 G = Mean time per level.
                   A        B        C        D        E       F      G
               +--------+--------+--------+--------+--------+-----+--------+
         Total |    100 |    100 |      0 |      0 |     24 |   1 |  100.0 |
       Dungeon |    100 |    100 |      0 |      0 |     24 |   1 |  100.0 |
               +--------+--------+--------+--------+--------+-----+--------+

Top non-repeatable levels by time:
     D:1: 100 daAuts
